Map: Blueshift LE

Players

Elazer

  • Race: Zerg Zerg
  • Spawn Location: 7:00

Reynor - Winner!

  • Race: Zerg Zerg
  • League: Master
  • Spawn Location: 1:00

Event: HomeStory Cup XVIII

VOD

Have the link to the VOD?

Description

Time

  • Played on: Nov. 22, 2018, 6:20 p.m.
  • Length: 10:01

All games in this series

Show
View Real Time Build Order
Export as new Build Order

Elazer Zerg 

Build Orders: Hatch First 

Get SALT Encoding   

  12  0:00  Drone  
  13  0:12  Overlord  
  13  0:16  Drone  
  14  0:30  Drone x2  
  16  0:47  Hatchery  
  15  0:50  Drone  
  15  0:54  Drone  
  17  1:07  Spawning Pool  
  17  1:10  Extractor  
  15  1:12  Drone  
  15  1:16  Drone  
  17  1:20  Drone  
  18  1:28  Drone  
  19  1:38  Drone  
  20  1:49  Drone  
  21  1:58  Queen  
  21  1:59  Queen  
  21  2:00  Drone x2  
  27  2:10  Overlord  
  27  2:11  Zergling x2  
  27  2:12  Metabolic Boost  
  28  2:28  Drone x2  
  30  2:31  Drone  
  30  2:32  Drone  
  32  2:39  Hatchery  
  32  2:44  Zergling x2  
  32  2:48  Zergling x2  
  32  2:49  Baneling Nest  
  32  2:54  Zergling x2  
  32  2:56  Overlord  
  33  3:03  Drone  
  33  3:04  Drone  
  33  3:05  Drone  
  35  3:16  Drone x5  
  40  3:22  Drone  
  41  3:28  Queen  
  41  3:29  Overlord  
  41  3:31  Drone  
  44  3:36  Evolution Chamber, Baneling  
  44  3:38  Baneling x2  
  44  3:39  Baneling x2  
  42  3:48  Zergling x2  
  42  3:49  Zergling x4  
  42  3:55  Zergling x4  
  41  4:00  Zergling x6  
  45  4:09  Zergling x2  
  46  4:10  Zergling x4  
  46  4:11  Baneling x2  
  46  4:13  Zergling x2  
  48  4:25  Drone x3  
  48  4:26  Drone x2  
  53  4:34  Overlord  
  53  4:35  Queen  
  52  4:40  Zergling x4  
  54  4:46  Drone x2  
  54  4:48  Zergling x2  
  57  4:54  Drone x3, Evolution Chamber  
  58  5:05  Overlord  
  57  5:10  Drone  
  58  5:20  Overlord  
  57  5:21  Drone  
  57  5:25  Zerg Missile Weapons Level 1, Overlord  
  57  5:28  Drone x2  
  57  5:29  Drone x2  
  57  5:31  Roach Warren, Baneling x3  
  57  5:33  Drone x5  
  65  5:36  Extractor  
  65  5:37  Extractor  
  65  5:39  Zergling x6  
  66  5:48  Overlord  
  66  5:56  Zergling x18  
  74  6:03  Zergling x4  
  67  6:12  Roach x4  
  67  6:13  Baneling x2  
  73  6:20  Roach x2  
  77  6:26  Roach  
  77  6:32  Roach x2  
  71  6:42  Hatchery  
  71  6:44  Roach  
  71  6:45  Roach x3  
  71  6:46  Baneling  
  78  6:54  Overlord  
  78  6:59  Overlord  
  78  7:02  Overlord  
  78  7:04  Lair  
  78  7:13  Hatchery  
  77  7:16  Overlord  
  77  7:17  Queen  
  77  7:19  Drone x2  
  77  7:21  Drone  
  82  7:26  Drone  
  82  7:27  Drone x2  
  85  7:30  Drone  
  85  7:34  Drone x2  
  88  7:39  Overlord  
  88  7:41  Roach x2  
  92  7:46  Drone  
  93  7:52  Extractor  
  93  7:54  Drone x5  
  93  7:57  Overlord  
  97  8:03  Glial Reconstitution  
  97  8:04  Drone  
  97  8:05  Drone  
  99  8:06  Overseer  
  99  8:07  Extractor, Drone  
  99  8:16  Roach x2  
  99  8:19  Drone  
  104  8:24  Roach x3  
  109  8:31  Roach x8  
  125  8:34  Overlord  
  125  8:36  Ravager, Roach  
  125  8:38  Overlord  
  128  8:45  Roach  
  128  8:47  Overlord  
  128  8:49  Spine Crawler  
  128  8:50  Ravager  
  128  8:53  Ravager, Spine Crawler  
  128  8:57  Roach  
  128  8:58  Roach x4  
  103  9:10  Roach x2  
  103  9:15  Roach x3  
  105  9:19  Roach x2  
  105  9:23  Roach  
  105  9:24  Roach x3  
  80  9:33  Roach  
  80  9:36  Roach  
  79  9:40  Roach x5  
Show
View Real Time Build Order
Export as new Build Order

Reynor Zerg - Winner!

Build Orders: Hatch First 

Get SALT Encoding   

  12  0:00  Drone  
  13  0:12  Overlord  
  13  0:16  Drone  
  14  0:31  Drone x2  
  16  0:49  Hatchery  
  15  0:51  Drone  
  15  0:54  Drone  
  17  0:58  Drone  
  18  1:08  Extractor  
  17  1:13  Spawning Pool  
  17  1:16  Drone  
  17  1:20  Drone  
  18  1:28  Drone  
  19  1:41  Overlord  
  19  1:49  Drone  
  20  2:00  Queen x2  
  24  2:01  Drone x2  
  24  2:08  Metabolic Boost  
  26  2:13  Zergling x4  
  28  2:21  Zergling x2  
  29  2:23  Zergling x2  
  30  2:35  Zergling x4  
  30  2:36  Queen  
  34  2:42  Overlord  
  35  2:44  Zergling x2  
  35  2:54  Zergling x2  
  36  3:01  Zergling x2  
  36  3:05  Zergling x2  
  38  3:09  Zergling x8  
  38  3:10  Zergling x2  
  38  3:12  Zergling x2  
  44  3:14  Overlord  
  44  3:18  Zergling x2  
  43  3:22  Zergling x2  
  44  3:32  Overlord  
  44  3:34  Zergling x2  
  45  3:44  Zergling x10  
  45  3:45  Hatchery  
  49  3:49  Drone  
  49  3:50  Drone x2  
  42  4:00  Drone x2  
  44  4:03  Drone  
  44  4:06  Drone  
  46  4:12  Queen  
  46  4:17  Drone x3  
  46  4:23  Zergling x6  
  52  4:29  Drone  
  52  4:30  Drone x2  
  55  4:34  Overlord  
  55  4:36  Queen  
  51  4:42  Zergling x4  
  53  4:46  Zergling x2  
  53  4:47  Zergling x6  
  57  4:57  Zergling x6  
  58  5:01  Baneling Nest  
  58  5:06  Drone  
  57  5:07  Drone x2  
  57  5:08  Drone  
  57  5:10  Drone x2  
  62  5:20  Extractor, Zergling x6  
  62  5:21  Queen  
  66  5:29  Overlord  
  66  5:30  Zergling x2  
  66  5:31  Zergling x2  
  66  5:34  Zergling x6  
  71  5:40  Drone x2  
  71  5:41  Overlord  
  73  5:50  Baneling x5  
  73  5:51  Zergling x8  
  73  5:54  Overlord  
  71  5:59  Zergling x8  
  71  6:03  Zergling x4  
  71  6:04  Zergling x2  
  75  6:06  Zergling x2  
  75  6:10  Queen  
  75  6:12  Zergling x4  
  75  6:16  Drone  
  76  6:22  Drone x2, Baneling x3  
  75  6:28  Drone  
  75  6:31  Drone x2  
  76  6:34  Evolution Chamber, Roach Warren  
  76  6:35  Zergling x6  
  76  6:36  Zergling x2  
  72  6:45  Drone x5  
  77  6:56  Zergling x6  
  80  7:02  Overlord  
  80  7:07  Zerg Missile Weapons Level 1, Spine Crawler  
  79  7:10  Extractor  
  79  7:14  Roach x3  
  79  7:15  Roach x4  
  92  7:20  Roach x2  
  96  7:27  Roach  
  96  7:29  Roach x3  
  104  7:31  Overlord, Baneling  
  104  7:36  Overlord  
  105  7:40  Overlord  
  105  7:45  Zergling x2  
  105  7:46  Overlord  
  106  7:55  Ravager x2  
  106  7:56  Zergling x12  
  106  7:58  Zergling x10  
  116  7:59  Zergling x2  
  116  8:01  Ravager  
  116  8:04  Roach, Zergling x4  
  125  8:10  Zergling x2  
  125  8:11  Extractor, Zergling x2  
  126  8:13  Ravager  
  126  8:17  Zergling x8  
  131  8:23  Zergling x2  
  131  8:24  Ravager  
  133  8:29  Zergling x10  
  133  8:31  Overlord  
  138  8:37  Overlord  
  138  8:38  Lair  
  138  8:45  Zergling x2  
  138  8:46  Zergling x12  
  132  8:48  Ravager  
  132  8:50  Zergling x4  
  132  8:52  Ravager  
  132  8:53  Zergling x2  
  136  8:56  Roach x2, Zergling x2  
  134  9:03  Roach  
  134  9:04  Roach, Zergling x2  
  134  9:05  Zergling x2  
  134  9:06  Zergling x2  
  119  9:12  Roach x3  
  117  9:18  Roach x2, Zergling x2  
  117  9:24  Roach x3  
  124  9:29  Zergling x8  
  124  9:30  Zergling x2  
  122  9:31  Drone  
  122  9:35  Drone  
  122  9:38  Drone  
  122  9:39  Drone  
  122  9:40  Drone  
  122  9:41  Roach  
  122  9:44  Drone  
  123  9:47  Drone  
Tags
 
Add a new tag
Caveats
  • Supply blocks, unpowered buildings, or Contaminate may cause inaccurate times.
  • Supply counts are checked every 10 seconds.